Wild vs Sharks

Created - November 7, 2016 at 17:54

Goals
1 2 3 OT1 SO T
Wild 2 0 0 0 1 2
Sharks 0 2 0 0 2 3
Shots
1 2 3 OT1 SO T
Wild 14 4 9 1 8 28
Sharks 7 19 8 3 8 37

1st period

1. Wild , Mark Streit 1 (Alexander Edler, Jason Pominville) at 4:11 (PP)
2. Wild , Kyle Okposo 10 (Carl Gunnarsson, Markus Granlund) at 6:19

Penalties :
Justin Falk (SJS) for Tripping (Minor) at 3:02, Jeff Petry (MIN) for Hooking (Minor) at 11:43

2nd period

3. Sharks , William Nylander 2 (David Savard, Gabriel Bourque) at 7:34
4. Sharks , Darren Dietz 1 (Sam Reinhart, Henrik Zetterberg) at 9:17

Penalties :
No Penalty

3rd period

No Goal

Penalties :
Robert Bortuzzo (SJS) for High sticking (Minor) at 2:30, David Savard (SJS) for Hooking (Minor) at 5:44, Tanner Pearson (MIN) for High sticking (Minor) at 5:44, Andrew Shaw (SJS) for Hooking (Minor) at 14:02

Overtime #1

No Goal

Penalties :
No Penalty

Shootout

Penalty Shot by Sven Baertschi for Wild - Shot Misses the Net
Penalty Shot by Henrik Zetterberg for Sharks - Shot Misses the Net
Penalty Shot by Kyle Okposo for Wild - Stopped by Jonas Hiller
Penalty Shot by Nikolay Kulemin for Sharks - Stopped by James Reimer
Penalty Shot by Marian Gaborik for Wild - Stopped by Jonas Hiller
Penalty Shot by Charlie Coyle for Sharks - Stopped by James Reimer
Penalty Shot by Jason Pominville for Wild - Shot Misses the Net
Penalty Shot by William Nylander for Sharks - Stopped by James Reimer
Penalty Shot by Eric Staal for Wild - Shot Misses the Net
Penalty Shot by Sam Reinhart for Sharks - Shot Misses the Net
Penalty Shot by Dustin Brown for Wild - Goal!
Penalty Shot by Nick Bjugstad for Sharks - Goal!
Penalty Shot by Tanner Pearson for Wild - Stopped by Jonas Hiller
Penalty Shot by Andrew Shaw for Sharks - Stopped by James Reimer
Penalty Shot by Markus Granlund for Wild - Stopped by Jonas Hiller
Penalty Shot by Ryan Nugent-Hopkins for Sharks - Goal!

Penalties :
No Penalty

Goalie Stats

James Reimer (MIN), 35 saves from 37 shots - (0.946), OTL, 5-5-3, 65:00 minutes
Jonas Hiller (SJS), 26 saves from 28 shots - (0.929), W, 2-4-0, 65:00 minutes

Players Stats for Wild

Player Name              G  A  P  +/- PIM S  H  SB GA TA FO     MP     PP MP  PK MP  
------------------------------------------------------------------------------------
Alexander Edler          0  1  1   1  0   1  5  2  0  0  0/0    28:38   3:05   1:15 
Carl Gunnarsson          0  1  1   1  0   0  1  1  0  0  0/0    24:57   0:00   1:15 
Chris Wagner             0  0  0   0  0   2  2  0  0  0  6/15   13:54   0:00   0:40 
Christian Folin          0  0  0   0  0   1  4  1  0  0  0/0    19:12   2:02   0:44 
Dennis Wideman           0  0  0   0  0   1  1  1  0  0  0/0    14:37   0:00   0:44 
Dustin Brown             0  0  0   0  0   4  3  0  0  0  0/1    14:33   0:00   1:19 
Eric Staal               0  0  0  -2  0   1  2  0  0  0  18/27  24:09   2:15   0:00 
Jason Pominville         0  1  1  -2  0   2  0  1  0  0  2/3    22:39   2:15   0:00 
Jeff Petry               0  0  0  -2  2   2  6  4  0  0  0/0    21:34   2:02   0:00 
Kyle Okposo              1  0  1   1  0   2  1  0  0  0  1/2    25:23   2:52   0:00 
Marian Gaborik           0  0  0  -2  0   1  0  0  0  0  2/3    21:14   2:15   0:00 
Mark Streit              1  0  1  -2  0   2  0  1  0  0  0/0    21:01   3:05   0:00 
Markus Granlund          0  1  1   1  0   2  1  0  0  0  15/35  25:32   2:52   0:00 
Mason Raymond            0  0  0   0  0   1  0  0  0  0  0/0     4:05   0:00   0:40 
Sean Collins             0  0  0   0  0   0  0  0  0  0  1/3     1:19   0:00   1:19 
Sven Baertschi           0  0  0   0  0   0  0  0  0  0  0/1     9:49   0:00   0:00 
Tanner Pearson           0  0  0   1  2   6  1  1  0  0  0/0    23:24   2:52   0:00 
Zach Redmond             0  0  0   0  0   0  0  0  0  0  0/0     0:00   0:00   0:00 

Players Stats for Sharks

Player Name              G  A  P  +/- PIM S  H  SB GA TA FO     MP     PP MP  PK MP  
------------------------------------------------------------------------------------
Andrej Sustr             0  0  0   0  0   0  0  0  0  0  0/0    17:22   0:00   0:00 
Andrew Shaw              0  0  0  -1  2   7  3  0  0  0  3/5    17:20   0:00   0:00 
Brenden Dillon           0  0  0   1  0   0  2  2  0  0  0/0    21:02   0:52   2:55 
Charlie Coyle            0  0  0  -1  0   3  0  0  0  0  14/27  20:23   1:07   2:12 
Darren Dietz             1  0  1   1  0   1  3  0  0  0  0/0    19:57   0:52   2:55 
Dave Bolland             0  0  0   0  0   1  1  0  0  0  0/0     7:41   0:00   0:00 
David Savard             0  1  1   0  2   0  3  2  0  0  0/0    27:50   1:07   2:12 
Gabriel Bourque          0  1  1   1  0   2  3  2  0  0  1/1    13:54   1:07   0:00 
Henrik Zetterberg        0  1  1   1  0   3  1  0  0  0  4/7    21:42   0:52   1:02 
Justin Falk              0  0  0  -1  2   0  0  0  0  0  0/0     7:10   0:00   0:00 
Marc Staal               0  0  0   1  0   2  2  2  0  0  0/0    20:43   1:07   2:12 
Mattias Janmark          0  0  0   0  0   1  0  0  0  0  0/0     7:41   0:00   0:00 
Nick Bjugstad            0  0  0   1  0   4  1  0  0  0  6/11   20:31   0:00   0:00 
Nikolay Kulemin          0  0  0  -1  0   2  1  0  0  0  1/1    17:01   0:52   2:03 
Robert Bortuzzo          0  0  0   0  2   1  2  2  0  0  0/0    15:53   0:00   0:00 
Ryan Nugent-Hopkins      0  0  0   1  0   2  3  0  0  0  10/20  17:13   0:52   0:00 
Sam Reinhart             0  1  1   1  0   6  1  1  0  0  2/4    22:07   1:07   2:51 
William Nylander         1  0  1   1  0   2  0  0  0  0  4/14   17:20   0:00   2:06 

3 Stars

1 - Darren Dietz (SJS)
2 - Alexander Edler (MIN)
3 - James Reimer (MIN)

Power Play

Wild - 1 on 3 Attempt(s) - 33.33%
Sharks - 0 on 1 Attempt(s) - 0.00%

Penalty Kill

Wild - 1 on 1 Attempt(s) - 100.00% - Score 0 goal in Penalty Kill
Sharks - 2 on 3 Attempt(s) - 66.67% - Score 0 goal in Penalty Kill

Team Stat

Wild - Hits : 27 - Faceoff Wins : 45 - Blocked Shots : 12 - Penalty Minutes : 4
Sharks - Hits : 26 - Faceoff Wins : 45 - Blocked Shots : 11 - Penalty Minutes : 8

Official

Referees : Trevor Hanson and Tom Chmielewski
Linesman : Brandon Gawryletz and Brian Mach

Game Notes

No Game Note

Finance

Level 1 -- Attendance: 6130 (94.31%) -- Ticket Income $613,000
Level 2 -- Attendance: 5000 (100.00%) -- Ticket Income $300,000
Level 3 -- Attendance: 3246 (92.74%) -- Ticket Income $113,610
Level 4 -- Attendance: 1562 (100.00%) -- Ticket Income $31,240
Luxury Box -- Attendance: 959 (95.90%) -- Ticket Income $191,800
Game was played at the SAP center.
Total Attendance: 16897 (96.21%)
Total Ticket Income: $1,249,650
Other Income: $187,448
Total Income: $1,437,098

% Time on Ice - Wild

Lines # - Real PCT - Wanted PCT - Time Play
Normal Forward
1 - 37% - 40% - 18:42
2 - 37% - 40% - 18:59
3 - 19% - 15% - 9:49
4 - 7% - 5% - 3:25
Normal Defense
1 - 41% - 45% - 20:47
2 - 32% - 35% - 16:15
3 - 27% - 15% - 13:53
4 - 0% - 5% - 0:00
PP Forward
1 - 56% - 55% - 2:52
2 - 44% - 45% - 2:15
PP Defense
1 - 60% - 55% - 3:05
2 - 40% - 45% - 2:02
PK Forward
1 - 66% - 58% - 1:19
2 - 34% - 42% - 0:40
PK Defense
1 - 63% - 60% - 1:15
2 - 37% - 40% - 0:44
PK3 Forward
1 - 0% - 57%
2 - 0% - 43%
PK3 Defense
1 - 0% - 55%
2 - 0% - 45%
44 Forward
1 - 71% - 60% - 1:25
2 - 29% - 40% - 0:34
44 Defense
1 - 56% - 60% - 1:07
2 - 44% - 40% - 0:52
Last Minute Offensive  - 0:00
Last Minute Defensive  - 0:00
Total
Forward - 60:00
Defense - 60:00

% Time on Ice - Sharks

Lines # - Real PCT - Wanted PCT - Time Play
Normal Forward
1 - 32% - 33% - 16:21
2 - 28% - 30% - 14:06
3 - 25% - 27% - 12:47
4 - 15% - 10% - 7:41
Normal Defense
1 - 30% - 35% - 15:24
2 - 29% - 30% - 14:57
3 - 28% - 25% - 14:07
4 - 13% - 10% - 6:27
PP Forward
1 - 44% - 55% - 0:52
2 - 56% - 45% - 1:07
PP Defense
1 - 56% - 55% - 1:07
2 - 44% - 45% - 0:52
PK Forward
1 - 56% - 50% - 2:51
2 - 44% - 50% - 2:16
PK Defense
1 - 43% - 50% - 2:12
2 - 57% - 50% - 2:55
PK3 Forward
1 - 0% - 55%
2 - 0% - 45%
PK3 Defense
1 - 0% - 55%
2 - 0% - 45%
44 Forward
1 - 39% - 50% - 0:46
2 - 61% - 50% - 1:13
44 Defense
1 - 39% - 50% - 0:46
2 - 61% - 50% - 1:13
Last Minute Offensive  - 0:00
Last Minute Defensive  - 0:00
Total
Forward - 60:00
Defense - 60:00

Play by Play

1st period


0:01 of 1st period - Ryan Nugent-Hopkins wins face-off versus Markus Granlund in neutral zone.
0:11 of 1st period - Sam Reinhart is hit by Alexander Edler and loses puck.
0:34 of 1st period - Henrik Zetterberg is hit by Alexander Edler and loses puck.
0:39 of 1st period - Shot by Sam Reinhart.
0:39 of 1st period - Shot Blocked by Alexander Edler.
1:10 of 1st period - Nikolay Kulemin is hit by Alexander Edler.
1:44 of 1st period - Shot by William Nylander.
1:44 of 1st period - Shot Blocked by Carl Gunnarsson.
1:46 of 1st period - Shot by Nick Bjugstad.
1:46 of 1st period - Stopped by James Reimer without a rebound.
1:47 of 1st period - Eric Staal wins face-off versus William Nylander in Wild zone.
2:02 of 1st period - Andrej Sustr is hit by Eric Staal and loses puck.
2:11 of 1st period - Shot by Jason Pominville.
2:11 of 1st period - Shot Misses the Net.
2:55 of 1st period - Shot by Dustin Brown.
2:55 of 1st period - Shot Misses the Net.
2:57 of 1st period - Shot by Christian Folin.
2:57 of 1st period - Stopped by Jonas Hiller without a rebound.
2:58 of 1st period - Chris Wagner wins face-off versus Sam Reinhart in Sharks zone.
3:02 of 1st period - Minor Penalty to Justin Falk for Tripping.
3:03 of 1st period - Sam Reinhart wins face-off versus Eric Staal in Sharks zone.
3:58 of 1st period - Shot by Tanner Pearson.
3:58 of 1st period - Stopped by Jonas Hiller without a rebound.
3:59 of 1st period - Eric Staal wins face-off versus Sam Reinhart in Sharks zone.
4:07 of 1st period - Shot by Mark Streit.
4:07 of 1st period - Shot Misses the Net.
4:09 of 1st period - Shot by Alexander Edler.
4:09 of 1st period - Shot Misses the Net.
4:11 of 1st period - Shot by Mark Streit.
4:11 of 1st period - Goal by Mark Streit - Wild : 1 - Sharks : 0.
4:12 of 1st period - Chris Wagner wins face-off versus Nick Bjugstad in neutral zone.
4:43 of 1st period - David Savard is hit by Dustin Brown and loses puck.
5:15 of 1st period - Henrik Zetterberg is hit by Christian Folin and loses puck.
5:45 of 1st period - Off-side.
5:46 of 1st period - Charlie Coyle wins face-off versus Markus Granlund in neutral zone.
5:52 of 1st period - Icing by Carl Gunnarsson.
5:53 of 1st period - Charlie Coyle wins face-off versus Markus Granlund in Wild zone.
5:53 of 1st period - Andrew Shaw is hit by Carl Gunnarsson.
5:56 of 1st period - Icing by Alexander Edler.
5:57 of 1st period - Charlie Coyle wins face-off versus Markus Granlund in Wild zone.
6:01 of 1st period - Icing by Alexander Edler.
6:02 of 1st period - Markus Granlund wins face-off versus Charlie Coyle in Wild zone.
6:02 of 1st period - Tanner Pearson is hit by Andrew Shaw and loses puck.
6:19 of 1st period - Shot by Kyle Okposo.
6:19 of 1st period - Goal by Kyle Okposo - Wild : 2 - Sharks : 0.
6:20 of 1st period - Eric Staal wins face-off versus Ryan Nugent-Hopkins in neutral zone.
6:33 of 1st period - Shot by Mark Streit.
6:33 of 1st period - Stopped by Jonas Hiller with a rebound.
6:52 of 1st period - Icing by Jeff Petry.
6:53 of 1st period - Eric Staal wins face-off versus Charlie Coyle in Wild zone.
7:30 of 1st period - Shot by Charlie Coyle.
7:30 of 1st period - Shot Misses the Net.
7:33 of 1st period - Icing by Carl Gunnarsson.
7:34 of 1st period - William Nylander wins face-off versus Markus Granlund in Wild zone.
7:34 of 1st period - Gabriel Bourque is hit by Alexander Edler and loses puck.
7:49 of 1st period - Shot by Markus Granlund.
7:49 of 1st period - Stopped by Jonas Hiller without a rebound.
7:50 of 1st period - Chris Wagner wins face-off versus Ryan Nugent-Hopkins in Sharks zone.
7:57 of 1st period - Dustin Brown is hit by Brenden Dillon and loses puck.
8:00 of 1st period - Shot by Mason Raymond.
8:00 of 1st period - Shot Misses the Net.
8:08 of 1st period - Shot by Dustin Brown.
8:08 of 1st period - Stopped by Jonas Hiller with a rebound.
8:10 of 1st period - Shot by Mason Raymond.
8:10 of 1st period - Stopped by Jonas Hiller with a rebound.
8:27 of 1st period - Shot by Dustin Brown.
8:27 of 1st period - Stopped by Jonas Hiller without a rebound.
8:28 of 1st period - Eric Staal wins face-off versus William Nylander in Sharks zone.
8:31 of 1st period - Shot by Eric Staal.
8:31 of 1st period - Shot Blocked by Marc Staal.
8:34 of 1st period - Icing by David Savard.
8:35 of 1st period - Nick Bjugstad wins face-off versus Eric Staal in Sharks zone.
8:46 of 1st period - Shot by Jason Pominville.
8:46 of 1st period - Stopped by Jonas Hiller without a rebound.
8:47 of 1st period - Markus Granlund wins face-off versus Charlie Coyle in Sharks zone.
8:53 of 1st period - Shot by Markus Granlund.
8:53 of 1st period - Stopped by Jonas Hiller without a rebound.
8:54 of 1st period - Charlie Coyle wins face-off versus Eric Staal in Sharks zone.
9:58 of 1st period - Shot by Tanner Pearson.
9:58 of 1st period - Deflect By Kyle Okposo.
9:58 of 1st period - Shot Misses the Net.
10:00 of 1st period - Shot by Kyle Okposo.
10:00 of 1st period - Deflect By Tanner Pearson.
10:00 of 1st period - Shot Blocked by Gabriel Bourque.
10:02 of 1st period - Shot by Mark Streit.
10:02 of 1st period - Deflect By Tanner Pearson.
10:02 of 1st period - Stopped by Jonas Hiller without a rebound.
10:03 of 1st period - Ryan Nugent-Hopkins wins face-off versus Chris Wagner in Sharks zone.
10:03 of 1st period - Ryan Nugent-Hopkins is hit by Dustin Brown.
10:21 of 1st period - Shot by Sam Reinhart.
10:21 of 1st period - Stopped by James Reimer without a rebound.
10:22 of 1st period - Markus Granlund wins face-off versus William Nylander in Wild zone.
10:22 of 1st period - Markus Granlund is hit by Gabriel Bourque.
11:29 of 1st period - Sam Reinhart is hit by Jeff Petry and loses puck.
11:36 of 1st period - Shot by Henrik Zetterberg.
11:36 of 1st period - Stopped by James Reimer with a rebound.
11:41 of 1st period - Ryan Nugent-Hopkins is hit by Jeff Petry and loses puck.
11:43 of 1st period - Minor Penalty to Jeff Petry for Hooking.
11:44 of 1st period - Ryan Nugent-Hopkins wins face-off versus Sean Collins in Wild zone.
12:03 of 1st period - Shot by Ryan Nugent-Hopkins.
12:03 of 1st period - Stopped by James Reimer without a rebound.
12:04 of 1st period - Charlie Coyle wins face-off versus Sean Collins in Wild zone.
12:05 of 1st period - Shot by Sam Reinhart.
12:05 of 1st period - Stopped by James Reimer without a rebound.
12:06 of 1st period - Sean Collins wins face-off versus Charlie Coyle in Wild zone.
12:30 of 1st period - Shot by Sam Reinhart.
12:30 of 1st period - Shot Misses the Net.
13:54 of 1st period - Shot by Mattias Janmark.
13:54 of 1st period - Stopped by James Reimer without a rebound.
13:55 of 1st period - Nick Bjugstad wins face-off versus Markus Granlund in Wild zone.
14:08 of 1st period - Shot by Markus Granlund.
14:08 of 1st period - Shot Misses the Net.
14:10 of 1st period - Shot by Tanner Pearson.
14:10 of 1st period - Stopped by Jonas Hiller without a rebound.
14:11 of 1st period - Eric Staal wins face-off versus Ryan Nugent-Hopkins in Sharks zone.
14:33 of 1st period - Icing by Henrik Zetterberg.
14:34 of 1st period - Markus Granlund wins face-off versus Henrik Zetterberg in Sharks zone.
14:51 of 1st period - Off-side.
14:52 of 1st period - Eric Staal wins face-off versus Charlie Coyle in neutral zone.
15:11 of 1st period - Shot by Andrew Shaw.
15:11 of 1st period - Shot Hit the Post.
15:13 of 1st period - Shot by Marc Staal.
15:13 of 1st period - Stopped by James Reimer with a rebound.
16:42 of 1st period - Shot by Mark Streit.
16:42 of 1st period - Shot Misses the Net.
16:44 of 1st period - Shot by Jeff Petry.
16:44 of 1st period - Stopped by Jonas Hiller without a rebound.
16:45 of 1st period - Ryan Nugent-Hopkins wins face-off versus Chris Wagner in Sharks zone.
16:54 of 1st period - Shot by Ryan Nugent-Hopkins.
16:54 of 1st period - Shot Hit the Post.
17:47 of 1st period - Shot by Markus Granlund.
17:47 of 1st period - Shot Misses the Net.
19:51 of 1st period - Dennis Wideman is hit by Gabriel Bourque and loses puck.
Goals for this period are 2 for Wild vs 0 for Sharks.
Shots for this period are 14 for Wild vs 7 for Sharks.

2nd period


0:01 of 2nd period - Eric Staal wins face-off versus Andrew Shaw in neutral zone.
0:51 of 2nd period - Icing by Alexander Edler.
0:52 of 2nd period - Eric Staal wins face-off versus William Nylander in Wild zone.
0:52 of 2nd period - Eric Staal is hit by Nick Bjugstad.
0:57 of 2nd period - Alexander Edler is hit by Darren Dietz and loses puck.
1:12 of 2nd period - Shot by Tanner Pearson.
1:12 of 2nd period - Shot Blocked by Gabriel Bourque.
1:14 of 2nd period - Shot by Tanner Pearson.
1:14 of 2nd period - Shot Blocked by Brenden Dillon.
1:20 of 2nd period - Shot by Tanner Pearson.
1:20 of 2nd period - Deflect By Kyle Okposo.
1:20 of 2nd period - Shot Misses the Net.
1:33 of 2nd period - William Nylander is hit by Jeff Petry and loses puck.
2:15 of 2nd period - Shot by Henrik Zetterberg.
2:15 of 2nd period - Stopped by James Reimer without a rebound.
2:16 of 2nd period - Andrew Shaw wins face-off versus Chris Wagner in Wild zone.
2:21 of 2nd period - Shot by Andrew Shaw.
2:21 of 2nd period - Shot Misses the Net.
2:23 of 2nd period - Shot by Nikolay Kulemin.
2:23 of 2nd period - Shot Misses the Net.
2:25 of 2nd period - Shot by Andrew Shaw.
2:25 of 2nd period - Stopped by James Reimer without a rebound.
2:26 of 2nd period - Eric Staal wins face-off versus Charlie Coyle in Wild zone.
2:53 of 2nd period - Icing by Marc Staal.
2:54 of 2nd period - Andrew Shaw wins face-off versus Chris Wagner in Sharks zone.
2:54 of 2nd period - Andrew Shaw is hit by Chris Wagner.
3:02 of 2nd period - Shot by Andrew Shaw.
3:02 of 2nd period - Stopped by James Reimer without a rebound.
3:03 of 2nd period - Markus Granlund wins face-off versus Ryan Nugent-Hopkins in Wild zone.
3:03 of 2nd period - Markus Granlund is hit by Ryan Nugent-Hopkins.
3:13 of 2nd period - Shot by Henrik Zetterberg.
3:13 of 2nd period - Stopped by James Reimer without a rebound.
3:14 of 2nd period - Nick Bjugstad wins face-off versus Eric Staal in Wild zone.
4:07 of 2nd period - Icing by David Savard.
4:08 of 2nd period - Markus Granlund wins face-off versus Nick Bjugstad in Sharks zone.
4:35 of 2nd period - Shot by Tanner Pearson.
4:35 of 2nd period - Stopped by Jonas Hiller without a rebound.
4:36 of 2nd period - Ryan Nugent-Hopkins wins face-off versus Chris Wagner in Sharks zone.
5:00 of 2nd period - Off-side.
5:01 of 2nd period - Charlie Coyle wins face-off versus Markus Granlund in neutral zone.
5:31 of 2nd period - Shot by Nikolay Kulemin.
5:31 of 2nd period - Stopped by James Reimer with a rebound.
5:49 of 2nd period - Robert Bortuzzo is hit by Tanner Pearson.
6:51 of 2nd period - Jeff Petry is hit by Darren Dietz and loses puck.
7:28 of 2nd period - Shot by Gabriel Bourque.
7:28 of 2nd period - Shot Misses the Net.
7:30 of 2nd period - Shot by David Savard.
7:30 of 2nd period - Shot Blocked by Jason Pominville.
7:34 of 2nd period - Shot by William Nylander.
7:34 of 2nd period - Goal by William Nylander - Wild : 2 - Sharks : 1.
7:35 of 2nd period - Charlie Coyle wins face-off versus Chris Wagner in neutral zone.
7:35 of 2nd period - Charlie Coyle is hit by Chris Wagner.
7:53 of 2nd period - Shot by Dennis Wideman.
7:53 of 2nd period - Stopped by Jonas Hiller without a rebound.
7:54 of 2nd period - Chris Wagner wins face-off versus Nick Bjugstad in Sharks zone.
8:02 of 2nd period - Dave Bolland is hit by Christian Folin.
8:08 of 2nd period - Shot by Nick Bjugstad.
8:08 of 2nd period - Shot Blocked by Christian Folin.
8:33 of 2nd period - Dave Bolland is hit by Christian Folin and loses puck.
8:43 of 2nd period - Off-side.
8:44 of 2nd period - Marian Gaborik wins face-off versus Ryan Nugent-Hopkins in neutral zone.
9:09 of 2nd period - Shot by Ryan Nugent-Hopkins.
9:09 of 2nd period - Stopped by James Reimer with a rebound.
9:11 of 2nd period - Shot by Henrik Zetterberg.
9:11 of 2nd period - Deflect By Sam Reinhart.
9:11 of 2nd period - Stopped by James Reimer with a rebound.
9:13 of 2nd period - Shot by Sam Reinhart.
9:13 of 2nd period - Shot Misses the Net.
9:15 of 2nd period - Shot by Sam Reinhart.
9:15 of 2nd period - Shot Misses the Net.
9:17 of 2nd period - Shot by Darren Dietz.
9:17 of 2nd period - Goal by Darren Dietz - Wild : 2 - Sharks : 2.
9:18 of 2nd period - Charlie Coyle wins face-off versus Markus Granlund in neutral zone.
9:24 of 2nd period - Icing by Alexander Edler.
9:25 of 2nd period - Markus Granlund wins face-off versus Charlie Coyle in Wild zone.
9:25 of 2nd period - Markus Granlund is hit by Nikolay Kulemin.
9:47 of 2nd period - Shot by Andrew Shaw.
9:47 of 2nd period - Shot Misses the Net.
9:49 of 2nd period - Shot by Marc Staal.
9:49 of 2nd period - Shot Misses the Net.
10:08 of 2nd period - Shot by Charlie Coyle.
10:08 of 2nd period - Deflect By Andrew Shaw.
10:08 of 2nd period - Stopped by James Reimer with a rebound.
10:28 of 2nd period - Shot by Gabriel Bourque.
10:28 of 2nd period - Stopped by James Reimer without a rebound.
10:29 of 2nd period - Ryan Nugent-Hopkins wins face-off versus Eric Staal in Wild zone.
11:46 of 2nd period - Shot by Dustin Brown.
11:46 of 2nd period - Deflect By Chris Wagner.
11:46 of 2nd period - Shot Blocked by Robert Bortuzzo.
12:26 of 2nd period - Shot by Andrew Shaw.
12:26 of 2nd period - Stopped by James Reimer with a rebound.
12:28 of 2nd period - Shot by Andrew Shaw.
12:28 of 2nd period - Stopped by James Reimer with a rebound.
12:30 of 2nd period - Shot by David Savard.
12:30 of 2nd period - Shot Blocked by Tanner Pearson.
12:32 of 2nd period - Shot by Charlie Coyle.
12:32 of 2nd period - Stopped by James Reimer without a rebound.
12:33 of 2nd period - Eric Staal wins face-off versus Ryan Nugent-Hopkins in Wild zone.
12:41 of 2nd period - Shot by Ryan Nugent-Hopkins.
12:41 of 2nd period - Shot Misses the Net.
12:43 of 2nd period - Shot by David Savard.
12:43 of 2nd period - Shot Misses the Net.
12:45 of 2nd period - Shot by Ryan Nugent-Hopkins.
12:45 of 2nd period - Shot Blocked by Jeff Petry.
12:47 of 2nd period - Shot by Marc Staal.
12:47 of 2nd period - Shot Blocked by Jeff Petry.
13:05 of 2nd period - Shot by Sam Reinhart.
13:05 of 2nd period - Shot Blocked by Mark Streit.
13:07 of 2nd period - Shot by Marc Staal.
13:07 of 2nd period - Stopped by James Reimer without a rebound.
13:08 of 2nd period - Markus Granlund wins face-off versus Charlie Coyle in Wild zone.
13:31 of 2nd period - Shot by Kyle Okposo.
13:31 of 2nd period - Stopped by Jonas Hiller without a rebound.
13:32 of 2nd period - Nick Bjugstad wins face-off versus Chris Wagner in Sharks zone.
13:52 of 2nd period - Nick Bjugstad is hit by Christian Folin.
14:12 of 2nd period - Shot by Sven Baertschi.
14:12 of 2nd period - Shot Misses the Net.
14:19 of 2nd period - Icing by David Savard.
14:20 of 2nd period - Jason Pominville wins face-off versus Nick Bjugstad in Sharks zone.
14:21 of 2nd period - Shot by Eric Staal.
14:21 of 2nd period - Shot Misses the Net.
14:23 of 2nd period - Shot by Eric Staal.
14:23 of 2nd period - Shot Misses the Net.
14:25 of 2nd period - Shot by Eric Staal.
14:25 of 2nd period - Shot Misses the Net.
14:42 of 2nd period - Off-side.
14:43 of 2nd period - Ryan Nugent-Hopkins wins face-off versus Markus Granlund in neutral zone.
14:51 of 2nd period - Ryan Nugent-Hopkins is hit by Jeff Petry and loses puck.
14:59 of 2nd period - Icing by Jeff Petry.
15:00 of 2nd period - Charlie Coyle wins face-off versus Markus Granlund in Wild zone.
15:04 of 2nd period - Charlie Coyle is hit by Jeff Petry and loses puck.
16:02 of 2nd period - Shot by Sam Reinhart.
16:02 of 2nd period - Stopped by James Reimer without a rebound.
16:03 of 2nd period - William Nylander wins face-off versus Dustin Brown in Wild zone.
16:19 of 2nd period - Shot by William Nylander.
16:19 of 2nd period - Shot Misses the Net.
16:21 of 2nd period - Shot by Nick Bjugstad.
16:21 of 2nd period - Shot Misses the Net.
16:27 of 2nd period - Shot by Gabriel Bourque.
16:27 of 2nd period - Stopped by James Reimer without a rebound.
16:28 of 2nd period - Ryan Nugent-Hopkins wins face-off versus Eric Staal in Wild zone.
16:38 of 2nd period - Alexander Edler is hit by Sam Reinhart.
16:48 of 2nd period - Shot by Sam Reinhart.
16:48 of 2nd period - Shot Misses the Net.
17:01 of 2nd period - Eric Staal is hit by Brenden Dillon and loses puck.
17:08 of 2nd period - Marian Gaborik is hit by Ryan Nugent-Hopkins and loses puck.
17:12 of 2nd period - Icing by Alexander Edler.
17:13 of 2nd period - Jason Pominville wins face-off versus William Nylander in Wild zone.
17:36 of 2nd period - Icing by Carl Gunnarsson.
17:37 of 2nd period - Eric Staal wins face-off versus Charlie Coyle in Wild zone.
17:54 of 2nd period - Shot by Andrew Shaw.
17:54 of 2nd period - Shot Blocked by Jeff Petry.
17:56 of 2nd period - Shot by Charlie Coyle.
17:56 of 2nd period - Stopped by James Reimer with a rebound.
17:58 of 2nd period - Shot by Andrew Shaw.
17:58 of 2nd period - Stopped by James Reimer with a rebound.
18:06 of 2nd period - Shot by Charlie Coyle.
18:06 of 2nd period - Shot Misses the Net.
18:08 of 2nd period - Shot by Nikolay Kulemin.
18:08 of 2nd period - Shot Misses the Net.
18:12 of 2nd period - Shot by Andrew Shaw.
18:12 of 2nd period - Shot Misses the Net.
18:42 of 2nd period - Dennis Wideman is hit by Andrew Shaw and loses puck.
18:53 of 2nd period - Shot by Dustin Brown.
18:53 of 2nd period - Stopped by Jonas Hiller without a rebound.
18:54 of 2nd period - Chris Wagner wins face-off versus William Nylander in Sharks zone.
18:59 of 2nd period - Icing by Gabriel Bourque.
19:00 of 2nd period - William Nylander wins face-off versus Sven Baertschi in Sharks zone.
19:28 of 2nd period - Icing by Marc Staal.
19:29 of 2nd period - Markus Granlund wins face-off versus William Nylander in Sharks zone.
19:29 of 2nd period - Markus Granlund is hit by David Savard.
Goals for this period are 0 for Wild vs 2 for Sharks.
Shots for this period are 4 for Wild vs 19 for Sharks.

3rd period


0:01 of 3rd period - Marian Gaborik wins face-off versus Ryan Nugent-Hopkins in neutral zone.
0:53 of 3rd period - Kyle Okposo is hit by Henrik Zetterberg and loses puck.
1:04 of 3rd period - Icing by Jeff Petry.
1:05 of 3rd period - Gabriel Bourque wins face-off versus Markus Granlund in Wild zone.
1:30 of 3rd period - Shot by William Nylander.
1:30 of 3rd period - Shot Misses the Net.
1:32 of 3rd period - Shot by Gabriel Bourque.
1:32 of 3rd period - Shot Blocked by Jeff Petry.
1:34 of 3rd period - Shot by Nick Bjugstad.
1:34 of 3rd period - Stopped by James Reimer without a rebound.
1:35 of 3rd period - Charlie Coyle wins face-off versus Chris Wagner in Wild zone.
1:44 of 3rd period - Shot by Andrew Shaw.
1:44 of 3rd period - Shot Blocked by Dennis Wideman.
1:54 of 3rd period - Chris Wagner is hit by Andrew Shaw and loses puck.
2:10 of 3rd period - Chris Wagner is hit by Robert Bortuzzo and loses puck.
2:29 of 3rd period - Jason Pominville is hit by Robert Bortuzzo and loses puck.
2:30 of 3rd period - Minor Penalty to Robert Bortuzzo for High sticking.
2:31 of 3rd period - Henrik Zetterberg wins face-off versus Markus Granlund in Sharks zone.
3:03 of 3rd period - Darren Dietz is hit by Markus Granlund and loses puck.
3:29 of 3rd period - Jason Pominville is hit by David Savard and loses puck.
4:12 of 3rd period - Shot by Alexander Edler.
4:12 of 3rd period - Stopped by Jonas Hiller without a rebound.
4:13 of 3rd period - Nikolay Kulemin wins face-off versus Markus Granlund in Sharks zone.
4:24 of 3rd period - Shot by Kyle Okposo.
4:24 of 3rd period - Shot Misses the Net.
4:26 of 3rd period - Shot by Alexander Edler.
4:26 of 3rd period - Shot Blocked by Sam Reinhart.
4:28 of 3rd period - Shot by Kyle Okposo.
4:28 of 3rd period - Shot Blocked by Brenden Dillon.
4:30 of 3rd period - Shot by Markus Granlund.
4:30 of 3rd period - Shot Blocked by Robert Bortuzzo.
4:42 of 3rd period - Shot by Nick Bjugstad.
4:42 of 3rd period - Stopped by James Reimer without a rebound.
4:43 of 3rd period - Chris Wagner wins face-off versus William Nylander in Wild zone.
4:54 of 3rd period - Shot by Dustin Brown.
4:54 of 3rd period - Deflect By Chris Wagner.
4:54 of 3rd period - Stopped by Jonas Hiller without a rebound.
4:55 of 3rd period - Nick Bjugstad wins face-off versus Marian Gaborik in Sharks zone.
4:55 of 3rd period - Nick Bjugstad is hit by Eric Staal.
5:02 of 3rd period - Shot by Mattias Janmark.
5:02 of 3rd period - Shot Misses the Net.
5:07 of 3rd period - Nick Bjugstad is hit by Jeff Petry and loses puck.
5:24 of 3rd period - Shot by Mattias Janmark.
5:24 of 3rd period - Shot Misses the Net.
5:26 of 3rd period - Shot by Robert Bortuzzo.
5:26 of 3rd period - Stopped by James Reimer without a rebound.
5:27 of 3rd period - Ryan Nugent-Hopkins wins face-off versus Markus Granlund in Wild zone.
5:27 of 3rd period - Ryan Nugent-Hopkins is hit by Alexander Edler.
5:44 of 3rd period - Minor Penalty to David Savard for Hooking.
5:44 of 3rd period - Minor Penalty to Tanner Pearson for High sticking.
5:45 of 3rd period - Markus Granlund wins face-off versus Charlie Coyle in Sharks zone.
6:57 of 3rd period - Shot by Jason Pominville.
6:57 of 3rd period - Stopped by Jonas Hiller without a rebound.
6:58 of 3rd period - Henrik Zetterberg wins face-off versus Markus Granlund in Sharks zone.
7:12 of 3rd period - Markus Granlund is hit by Marc Staal and loses puck.
7:25 of 3rd period - Shot by Andrew Shaw.
7:25 of 3rd period - Stopped by James Reimer without a rebound.
7:26 of 3rd period - Markus Granlund wins face-off versus Henrik Zetterberg in Wild zone.
7:41 of 3rd period - Andrej Sustr is hit by Kyle Okposo and loses puck.
7:55 of 3rd period - Icing by Christian Folin.
7:56 of 3rd period - Nick Bjugstad wins face-off versus Eric Staal in Wild zone.
8:01 of 3rd period - Shot by Dave Bolland.
8:01 of 3rd period - Shot Misses the Net.
8:03 of 3rd period - Shot by Nick Bjugstad.
8:03 of 3rd period - Shot Misses the Net.
8:07 of 3rd period - Shot by Dave Bolland.
8:07 of 3rd period - Stopped by James Reimer with a rebound.
8:42 of 3rd period - Icing by Dennis Wideman.
8:43 of 3rd period - Eric Staal wins face-off versus Ryan Nugent-Hopkins in Wild zone.
9:34 of 3rd period - Sven Baertschi is hit by Darren Dietz and loses puck.
10:08 of 3rd period - Shot by Charlie Coyle.
10:08 of 3rd period - Stopped by James Reimer without a rebound.
10:09 of 3rd period - Eric Staal wins face-off versus William Nylander in Wild zone.
10:19 of 3rd period - Shot by Eric Staal.
10:19 of 3rd period - Shot Misses the Net.
10:27 of 3rd period - Shot by Marian Gaborik.
10:27 of 3rd period - Stopped by Jonas Hiller without a rebound.
10:28 of 3rd period - Andrew Shaw wins face-off versus Markus Granlund in Sharks zone.
10:30 of 3rd period - Icing by Charlie Coyle.
10:31 of 3rd period - Markus Granlund wins face-off versus Charlie Coyle in Sharks zone.
10:31 of 3rd period - Markus Granlund is hit by Marc Staal.
11:18 of 3rd period - Alexander Edler is hit by David Savard and loses puck.
12:57 of 3rd period - Jeff Petry is hit by Ryan Nugent-Hopkins and loses puck.
13:55 of 3rd period - Off-side.
13:56 of 3rd period - Charlie Coyle wins face-off versus Markus Granlund in neutral zone.
14:02 of 3rd period - Minor Penalty to Andrew Shaw for Hooking.
14:03 of 3rd period - Markus Granlund wins face-off versus Charlie Coyle in Sharks zone.
14:08 of 3rd period - Shot by Tanner Pearson.
14:08 of 3rd period - Stopped by Jonas Hiller without a rebound.
14:09 of 3rd period - Charlie Coyle wins face-off versus Markus Granlund in Sharks zone.
14:55 of 3rd period - Shot by Jeff Petry.
14:55 of 3rd period - Shot Blocked by Marc Staal.
14:57 of 3rd period - Shot by Marian Gaborik.
14:57 of 3rd period - Shot Misses the Net.
14:59 of 3rd period - Shot by Christian Folin.
14:59 of 3rd period - Shot Blocked by David Savard.
15:01 of 3rd period - Shot by Christian Folin.
15:01 of 3rd period - Deflect By Jason Pominville.
15:01 of 3rd period - Shot Misses the Net.
15:11 of 3rd period - Shot by Jeff Petry.
15:11 of 3rd period - Shot Misses the Net.
15:13 of 3rd period - Shot by Jeff Petry.
15:13 of 3rd period - Shot Misses the Net.
15:15 of 3rd period - Shot by Jeff Petry.
15:15 of 3rd period - Stopped by Jonas Hiller without a rebound.
15:16 of 3rd period - Sam Reinhart wins face-off versus Markus Granlund in Sharks zone.
16:05 of 3rd period - Robert Bortuzzo is hit by Dustin Brown and loses puck.
16:21 of 3rd period - Alexander Edler is hit by Dave Bolland and loses puck.
16:30 of 3rd period - Icing by Andrej Sustr.
16:31 of 3rd period - Eric Staal wins face-off versus Nick Bjugstad in Sharks zone.
16:32 of 3rd period - Shot by Jason Pominville.
16:32 of 3rd period - Shot Misses the Net.
16:34 of 3rd period - Shot by Eric Staal.
16:34 of 3rd period - Stopped by Jonas Hiller without a rebound.
16:35 of 3rd period - Eric Staal wins face-off versus Ryan Nugent-Hopkins in Sharks zone.
16:55 of 3rd period - Sam Reinhart is hit by Dennis Wideman and loses puck.
17:21 of 3rd period - Icing by David Savard.
17:22 of 3rd period - Markus Granlund wins face-off versus Ryan Nugent-Hopkins in Sharks zone.
17:45 of 3rd period - Shot by Nick Bjugstad.
17:45 of 3rd period - Shot Misses the Net.
17:47 of 3rd period - Shot by Nick Bjugstad.
17:47 of 3rd period - Stopped by James Reimer with a rebound.
17:49 of 3rd period - Shot by Gabriel Bourque.
17:49 of 3rd period - Shot Misses the Net.
18:21 of 3rd period - Shot by Chris Wagner.
18:21 of 3rd period - Stopped by Jonas Hiller without a rebound.
18:22 of 3rd period - Charlie Coyle wins face-off versus Eric Staal in Sharks zone.
18:31 of 3rd period - Shot by Andrew Shaw.
18:31 of 3rd period - Shot Misses the Net.
18:33 of 3rd period - Shot by Nikolay Kulemin.
18:33 of 3rd period - Stopped by James Reimer without a rebound.
18:34 of 3rd period - Ryan Nugent-Hopkins wins face-off versus Chris Wagner in Wild zone.
18:59 of 3rd period - Shot by Sven Baertschi.
18:59 of 3rd period - Shot Misses the Net.
19:15 of 3rd period - Shot by Dustin Brown.
19:15 of 3rd period - Stopped by Jonas Hiller without a rebound.
19:16 of 3rd period - Markus Granlund wins face-off versus William Nylander in Sharks zone.
19:39 of 3rd period - Alexander Edler is hit by Gabriel Bourque and loses puck.
Goals for this period are 0 for Wild vs 0 for Sharks.
Shots for this period are 9 for Wild vs 8 for Sharks.

Overtime #1


0:01 of 1st overtime period - Eric Staal wins face-off versus Henrik Zetterberg in neutral zone.
0:29 of 1st overtime period - Shot by Eric Staal.
0:29 of 1st overtime period - Shot Blocked by David Savard.
0:31 of 1st overtime period - Shot by Christian Folin.
0:31 of 1st overtime period - Shot Misses the Net.
0:35 of 1st overtime period - Shot by Markus Granlund.
0:35 of 1st overtime period - Shot Misses the Net.
0:37 of 1st overtime period - Shot by Markus Granlund.
0:37 of 1st overtime period - Shot Misses the Net.
1:21 of 1st overtime period - Shot by William Nylander.
1:21 of 1st overtime period - Stopped by James Reimer without a rebound.
1:22 of 1st overtime period - Eric Staal wins face-off versus Charlie Coyle in Wild zone.
1:57 of 1st overtime period - Shot by Sam Reinhart.
1:57 of 1st overtime period - Stopped by James Reimer without a rebound.
1:58 of 1st overtime period - Henrik Zetterberg wins face-off versus Markus Granlund in Wild zone.
2:58 of 1st overtime period - Icing by Carl Gunnarsson.
2:59 of 1st overtime period - Charlie Coyle wins face-off versus Jason Pominville in Wild zone.
3:00 of 1st overtime period - Shot by Sam Reinhart.
3:00 of 1st overtime period - Stopped by James Reimer without a rebound.
3:01 of 1st overtime period - William Nylander wins face-off versus Kyle Okposo in Wild zone.
3:10 of 1st overtime period - Shot by William Nylander.
3:10 of 1st overtime period - Shot Blocked by Alexander Edler.
3:24 of 1st overtime period - Shot by Kyle Okposo.
3:24 of 1st overtime period - Deflect By Tanner Pearson.
3:24 of 1st overtime period - Stopped by Jonas Hiller with a rebound.
3:32 of 1st overtime period - Shot by Tanner Pearson.
3:32 of 1st overtime period - Shot Misses the Net.
3:49 of 1st overtime period - Icing by Christian Folin.
3:50 of 1st overtime period - Henrik Zetterberg wins face-off versus Eric Staal in Wild zone.
4:13 of 1st overtime period - Shot by Charlie Coyle.
4:13 of 1st overtime period - Shot Misses the Net.
4:26 of 1st overtime period - Shot by Charlie Coyle.
4:26 of 1st overtime period - Shot Misses the Net.
4:35 of 1st overtime period - Off-side.
4:36 of 1st overtime period - Kyle Okposo wins face-off versus Andrew Shaw in neutral zone.
Goals for this period are 0 for Wild vs 0 for Sharks.
Shots for this period are 1 for Wild vs 3 for Sharks.

ShootOut


5:00 of 1st overtime period - Penalty Shot by Sven Baertschi for Wild.
5:00 of 1st overtime period - Shot Misses the Net.
5:00 of 1st overtime period - Penalty Shot by Henrik Zetterberg for Sharks.
5:00 of 1st overtime period - Shot Misses the Net.
5:00 of 1st overtime period - Penalty Shot by Kyle Okposo for Wild.
5:00 of 1st overtime period - Stopped by Jonas Hiller.
5:00 of 1st overtime period - Penalty Shot by Nikolay Kulemin for Sharks.
5:00 of 1st overtime period - Stopped by James Reimer.
5:00 of 1st overtime period - Penalty Shot by Marian Gaborik for Wild.
5:00 of 1st overtime period - Stopped by Jonas Hiller.
5:00 of 1st overtime period - Penalty Shot by Charlie Coyle for Sharks.
5:00 of 1st overtime period - Stopped by James Reimer.
5:00 of 1st overtime period - Penalty Shot by Jason Pominville for Wild.
5:00 of 1st overtime period - Shot Misses the Net.
5:00 of 1st overtime period - Penalty Shot by William Nylander for Sharks.
5:00 of 1st overtime period - Stopped by James Reimer.
5:00 of 1st overtime period - Penalty Shot by Eric Staal for Wild.
5:00 of 1st overtime period - Shot Misses the Net.
5:00 of 1st overtime period - Penalty Shot by Sam Reinhart for Sharks.
5:00 of 1st overtime period - Shot Misses the Net.
5:00 of 1st overtime period - Penalty Shot by Dustin Brown for Wild.
5:00 of 1st overtime period - Goal by Dustin Brown.
5:00 of 1st overtime period - Penalty Shot by Nick Bjugstad for Sharks.
5:00 of 1st overtime period - Goal by Nick Bjugstad.
5:00 of 1st overtime period - Penalty Shot by Tanner Pearson for Wild.
5:00 of 1st overtime period - Stopped by Jonas Hiller.
5:00 of 1st overtime period - Penalty Shot by Andrew Shaw for Sharks.
5:00 of 1st overtime period - Stopped by James Reimer.
5:00 of 1st overtime period - Penalty Shot by Markus Granlund for Wild.
5:00 of 1st overtime period - Stopped by Jonas Hiller.
5:00 of 1st overtime period - Penalty Shot by Ryan Nugent-Hopkins for Sharks.
5:00 of 1st overtime period - Goal by Ryan Nugent-Hopkins.